[ AOE2 MATCH · #473706003 ]
UnrankedBritons vs Wu
[ REPLAY ANALYSIS · EXTRACTED FROM THE RECORDED GAME ]
Feudal
13:48
Castle
24:11
Imperial
—
| APM avg | 24.9 |
| APM peak | 49 |
| eAPM avg | 14.6 |
| Villagers / military | 120 / 95 |
Focus
⚔️ 39.8% · 🌾 60.2%
Archer ×75 · Fishing Ship ×12 · Knight ×6 · Spearman ×6 · Battering Ram ×4 · Unknown (2626) ×4
Feudal
13:49
Castle
22:36
Imperial
41:58
| APM avg | 32.6 |
| APM peak | 64 |
| eAPM avg | 15.7 |
| Villagers / military | 123 / 7 |
Focus
⚔️ 23.4% · 🌾 76.6%
Unknown (1968) ×95 · Unknown (1974) ×9 · Fishing Ship ×7 · Battering Ram ×3 · Unknown (1942) ×3 · Monk ×2
Feudal
15:43
Castle
22:46
Imperial
32:41
| APM avg | 24.9 |
| APM peak | 95 |
| eAPM avg | 16.3 |
| Villagers / military | 93 / 94 |
Focus
⚔️ 36.6% · 🌾 63.4%
Genoese Crossbowman ×71 · Fishing Ship ×38 · Unknown (882) ×27 · Galley ×11 · Demolition Raft ×5 · Trebuchet (Packed) ×4
Feudal
14:51
Castle
20:26
Imperial
42:01
| APM avg | 27.8 |
| APM peak | 55 |
| eAPM avg | 14.0 |
| Villagers / military | 109 / 63 |
Focus
⚔️ 24.5% · 🌾 75.5%
Leitis ×59 · Fishing Ship ×26 · Monk ×3 · Fire Galley ×1 · Unknown (2626) ×1
Feudal
13:59
Castle
28:03
Imperial
—
| APM avg | 19.1 |
| APM peak | 52 |
| eAPM avg | 9.6 |
| Villagers / military | 77 / 34 |
Focus
⚔️ 16.2% · 🌾 83.8%
Serjeant ×19 · Spearman ×13 · Fishing Ship ×7 · Militia ×2 · Unknown (2626) ×2
Feudal
12:19
Castle
20:29
Imperial
33:54
| APM avg | 38.9 |
| APM peak | 79 |
| eAPM avg | 18.1 |
| Villagers / military | 56 / 122 |
Focus
⚔️ 46.6% · 🌾 53.4%
Skirmisher ×94 · Fishing Ship ×14 · Fire Galley ×13 · Unknown (2626) ×6 · Monk ×5 · Trebuchet (Packed) ×4
Match map
Initial resources + every placement click. Lines = walls · curves = elevation contours. ◆ gold · ⬟ stone · ● berries · ✦ relic · ◌ wall gap
Your base· Open — 5t gap
So sad's base· Open — unwalled flank
Pepelu_wins's base· Open — 6t gap
HURMA's base· Open — 9t gap
DJAD ▲ Nedlar's base· Open — 4t gap
NiL's base· Open — unwalled flank
Smoothed initial terrain · ◌ = detected wall gap · hover for details
Inputs per minute
— Léon - - So sad
Build order — Léon
First 150 of 304 actions detected
| 0:17 | Build | House |
| 0:22 | Build | Town Center |
| 2:54 | Create | Villager (Male) |
| 2:54 | Create | Villager (Male) |
| 2:55 | Create | Villager (Male) |
| 2:55 | Create | Villager (Male) |
| 3:00 | Build | Dock |
| 3:04 | Research | Loom |
| 3:11 | Create | Villager (Male) |
| 3:12 | Create | Villager (Male) |
| 3:12 | Create | Villager (Male) |
| 4:33 | Create | Fishing Ship |
| 4:50 | Build | House |
| 5:48 | Create | Villager (Male) |
| 6:16 | Create | Villager (Male) |
| 6:40 | Create | Villager (Male) |
| 6:44 | Create | Villager (Male) |
| 6:49 | Create | Fishing Ship |
| 7:16 | Build | House |
| 7:27 | Create | Villager (Male) |
| 7:41 | Create | Villager (Male) |
| 7:54 | Create | Fishing Ship |
| 8:13 | Create | Villager (Male) |
| 8:13 | Create | Villager (Male) |
| 8:14 | Create | Villager (Male) |
| 8:45 | Create | Fishing Ship |
| 9:03 | Create | Villager (Male) |
| 9:14 | Build | House |
| 9:28 | Create | Villager (Male) |
| 9:54 | Create | Fishing Ship |
| 10:08 | Build | Lumber Camp |
| 10:17 | Create | Villager (Male) |
| 10:35 | Create | Fishing Ship |
| 10:49 | Create | Villager (Male) |
| 11:18 | Create | Villager (Male) |
| 11:25 | Build | Mill |
| 11:29 | Build | House |
| 11:38 | Research | Feudal Age |
| 11:42 | Create | Fishing Ship |
| 12:43 | Create | Villager (Male) |
| 12:44 | Create | Fishing Ship |
| 13:15 | Create | Villager (Male) |
| 13:20 | Create | Fishing Ship |
| 13:34 | Build | House |
| 13:36 | Build | Barracks |
| 13:48 | Age | Feudal Age |
| 14:13 | Create | Villager (Male) |
| 14:33 | Build | Archery Range |
| 14:37 | Create | Villager (Male) |
| 14:45 | Build | House |
| 14:45 | Build | House |
| 15:02 | Build | Mining Camp |
| 15:20 | Create | Villager (Male) |
| 15:39 | Create | Unit 2626 |
| 15:39 | Create | Unit 2626 |
| 15:43 | Create | Villager (Male) |
| 16:12 | Build | Archery Range |
| 16:19 | Create | Villager (Male) |
| 16:28 | Create | Villager (Male) |
| 16:42 | Build | Archery Range |
| 16:44 | Create | Villager (Male) |
| 17:00 | Create | Fishing Ship |
| 17:01 | Create | Villager (Male) |
| 17:31 | Build | Blacksmith |
| 17:34 | Create | Villager (Male) |
| 17:39 | Create | Fishing Ship |
| 18:31 | Create | Unit 2626 |
| 18:57 | Build | House |
| 19:07 | Research | Fletching |
| 19:29 | Create | Unit 2626 |
| 19:36 | Build | House |
| 19:37 | Create | Archer |
| 19:37 | Create | Archer |
| 19:39 | Create | Villager (Male) |
| 19:56 | Build | Market |
| 21:06 | Create | Villager (Male) |
| 21:18 | Research | Castle Age |
| 21:25 | Create | Archer |
| 21:25 | Create | Archer |
| 21:29 | Build | Mining Camp |
| 22:03 | Create | Archer |
| 22:04 | Create | Archer |
| 22:20 | Create | Militia |
| 22:35 | Create | Fishing Ship |
| 22:53 | Create | Villager (Male) |
| 23:00 | Create | Archer |
| 23:17 | Research | Padded Archer Armor |
| 23:18 | Create | Archer |
| 23:42 | Create | Archer |
| 23:58 | Research | Man-at-Arms (upgrade) |
| 24:09 | Create | Archer |
| 24:11 | Age | Castle Age |
| 24:18 | Create | Villager (Male) |
| 24:27 | Build | Town Center |
| 24:51 | Research | Crossbowman (upgrade) |
| 25:26 | Create | Villager (Male) |
| 25:26 | Create | Villager (Male) |
| 25:40 | Build | Monastery |
| 25:46 | Create | Villager (Male) |
| 26:11 | Create | Villager (Male) |
| 26:17 | Create | Villager (Male) |
| 26:25 | Create | Villager (Male) |
| 26:25 | Create | Villager (Male) |
| 27:35 | Create | Villager (Male) |
| 27:36 | Create | Villager (Male) |
| 27:42 | Create | Villager (Male) |
| 27:42 | Create | Villager (Male) |
| 27:42 | Create | Villager (Male) |
| 27:48 | Build | Castle |
| 27:52 | Create | Monk |
| 27:58 | Create | Villager (Male) |
| 28:06 | Create | Villager (Male) |
| 28:07 | Create | Archer |
| 28:10 | Create | Archer |
| 28:10 | Create | Archer |
| 28:32 | Create | Villager (Male) |
| 28:34 | Create | Villager (Male) |
| 28:40 | Create | Spearman |
| 28:54 | Create | Villager (Male) |
| 29:07 | Build | Archery Range |
| 29:09 | Build | Archery Range |
| 29:16 | Create | Villager (Male) |
| 29:22 | Build | Farm |
| 29:23 | Build | Farm |
| 29:25 | Build | Farm |
| 29:26 | Build | Farm |
| 29:29 | Build | Farm |
| 29:37 | Research | Horse Collar |
| 29:54 | Create | Villager (Male) |
| 30:09 | Build | Town Center |
| 30:15 | Create | Archer |
| 30:15 | Create | Archer |
| 30:16 | Create | Archer |
| 30:17 | Create | Villager (Male) |
| 30:44 | Build | Farm |
| 30:45 | Build | Farm |
| 30:49 | Build | Farm |
| 30:56 | Build | Farm |
| 30:57 | Create | Villager (Male) |
| 30:58 | Create | Villager (Male) |
| 31:05 | Create | Archer |
| 31:06 | Create | Archer |
| 31:25 | Create | Archer |
| 31:25 | Create | Archer |
| 31:25 | Create | Villager (Male) |
| 31:54 | Build | Lumber Camp |
| 31:54 | Create | Villager (Male) |
| 31:59 | Build | Farm |
| 32:04 | Build | Farm |
| 32:08 | Build | Farm |
Build order — So sad
First 150 of 316 actions detected
| 0:30 | Build | Town Center |
| 0:50 | Build | House |
| 1:20 | Build | House |
| 2:51 | Create | Villager (Male) |
| 2:51 | Create | Villager (Male) |
| 2:51 | Create | Villager (Male) |
| 2:51 | Create | Villager (Male) |
| 2:52 | Research | Loom |
| 4:45 | Build | Dock |
| 5:12 | Create | Villager (Male) |
| 5:43 | Create | Villager (Male) |
| 5:59 | Create | Fishing Ship |
| 5:59 | Create | Fishing Ship |
| 6:19 | Create | Villager (Male) |
| 6:19 | Create | Villager (Male) |
| 6:46 | Create | Fishing Ship |
| 6:57 | Create | Villager (Male) |
| 6:57 | Create | Villager (Male) |
| 7:13 | Build | House |
| 7:33 | Create | Villager (Male) |
| 7:50 | Build | House |
| 8:19 | Build | House |
| 8:21 | Create | Villager (Male) |
| 8:25 | Create | Villager (Male) |
| 8:25 | Create | Villager (Male) |
| 8:39 | Build | House |
| 8:46 | Build | House |
| 8:49 | Create | Villager (Male) |
| 9:19 | Build | House |
| 9:24 | Build | House |
| 9:28 | Create | Villager (Male) |
| 9:43 | Build | House |
| 9:50 | Create | Villager (Male) |
| 10:06 | Create | Villager (Male) |
| 10:41 | Build | Lumber Camp |
| 11:11 | Build | House |
| 11:14 | Create | Villager (Male) |
| 11:19 | Build | House |
| 11:31 | Build | House |
| 11:38 | Research | Feudal Age |
| 12:11 | Build | House |
| 12:13 | Build | House |
| 12:14 | Build | House |
| 12:26 | Create | Fishing Ship |
| 12:57 | Create | Villager (Male) |
| 13:11 | Create | Fishing Ship |
| 13:49 | Age | Feudal Age |
| 13:52 | Build | Mill |
| 14:05 | Build | House |
| 14:15 | Build | House |
| 14:17 | Build | House |
| 14:21 | Create | Villager (Male) |
| 14:22 | Research | Town Watch |
| 14:23 | Create | Villager (Male) |
| 14:25 | Research | Tech 906 |
| 14:35 | Research | Double-Bit Axe |
| 15:03 | Build | House |
| 15:07 | Create | Villager (Male) |
| 15:15 | Build | Farm |
| 15:15 | Build | Farm |
| 15:16 | Build | Farm |
| 15:53 | Build | Mining Camp |
| 16:27 | Create | Villager (Male) |
| 16:28 | Create | Villager (Male) |
| 16:58 | Create | Villager (Male) |
| 17:23 | Build | Watch Tower |
| 17:48 | Build | Blacksmith |
| 17:54 | Build | Market |
| 17:56 | Create | Villager (Male) |
| 17:57 | Create | Villager (Male) |
| 18:08 | Create | Demolition Raft |
| 18:08 | Create | Demolition Raft |
| 18:12 | Create | Fishing Ship |
| 18:12 | Create | Fishing Ship |
| 18:19 | Create | Villager (Male) |
| 18:51 | Build | Farm |
| 18:51 | Build | Farm |
| 19:19 | Create | Villager (Male) |
| 19:49 | Build | Barracks |
| 19:55 | Build | Farm |
| 19:55 | Build | Farm |
| 19:55 | Build | Farm |
| 19:56 | Research | Castle Age |
| 20:09 | Build | Mining Camp |
| 20:57 | Research | Stone Mining |
| 21:00 | Research | Gold Mining |
| 21:06 | Research | Horse Collar |
| 21:54 | Create | Villager (Male) |
| 22:36 | Age | Castle Age |
| 22:52 | Create | Villager (Male) |
| 22:56 | Create | Villager (Male) |
| 23:09 | Build | Town Center |
| 23:13 | Create | Villager (Male) |
| 23:28 | Research | Stone Shaft Mining |
| 23:41 | Research | Gillnets |
| 23:57 | Build | Dock |
| 24:01 | Build | House |
| 24:01 | Build | House |
| 24:13 | Create | Villager (Male) |
| 24:14 | Create | Villager (Male) |
| 24:30 | Create | Unit 1974 |
| 24:59 | Create | Villager (Male) |
| 25:00 | Create | Villager (Male) |
| 25:01 | Create | Villager (Male) |
| 25:01 | Create | Villager (Male) |
| 25:01 | Create | Villager (Male) |
| 25:02 | Create | Villager (Male) |
| 25:03 | Create | Villager (Male) |
| 25:05 | Create | Villager (Male) |
| 25:05 | Create | Villager (Male) |
| 25:05 | Create | Villager (Male) |
| 25:15 | Build | Outpost |
| 25:21 | Build | Farm |
| 25:36 | Create | Villager (Male) |
| 25:49 | Build | Farm |
| 25:50 | Build | Farm |
| 26:33 | Build | Castle |
| 26:39 | Create | Villager (Male) |
| 26:46 | Create | Unit 1974 |
| 26:47 | Create | Unit 1974 |
| 26:47 | Create | Unit 1974 |
| 27:06 | Create | Unit 1974 |
| 27:10 | Research | Fletching |
| 27:12 | Research | Scale Mail Armor |
| 27:20 | Create | Villager (Male) |
| 27:22 | Create | Villager (Male) |
| 27:22 | Create | Villager (Male) |
| 27:40 | Create | Unit 1974 |
| 27:46 | Create | Villager (Male) |
| 27:55 | Research | Gold Shaft Mining |
| 27:57 | Create | Unit 1968 |
| 27:57 | Create | Unit 1968 |
| 27:57 | Create | Unit 1968 |
| 28:18 | Build | Farm |
| 28:18 | Build | Farm |
| 28:32 | Create | Unit 1968 |
| 28:41 | Build | Farm |
| 28:42 | Create | Villager (Male) |
| 28:42 | Create | Villager (Male) |
| 28:44 | Create | Villager (Male) |
| 28:48 | Research | Wheelbarrow |
| 28:50 | Research | Bow Saw |
| 29:08 | Build | University |
| 29:12 | Build | Monastery |
| 29:26 | Create | Villager (Male) |
| 29:31 | Build | Farm |
| 29:31 | Build | Farm |
| 29:31 | Build | Farm |
| 29:31 | Build | Farm |
| 29:32 | Build | Farm |
Build order — Pepelu_wins
First 150 of 395 actions detected
| 0:19 | Build | Town Center |
| 0:34 | Build | Dock |
| 0:36 | Build | House |
| 2:34 | Create | Villager (Male) |
| 2:34 | Create | Villager (Male) |
| 2:35 | Create | Villager (Male) |
| 2:35 | Create | Villager (Male) |
| 2:37 | Research | Loom |
| 3:14 | Create | Villager (Male) |
| 3:15 | Create | Villager (Male) |
| 3:48 | Create | Fishing Ship |
| 4:09 | Build | House |
| 5:00 | Create | Fishing Ship |
| 5:48 | Build | House |
| 5:52 | Create | Fishing Ship |
| 6:11 | Create | Fishing Ship |
| 6:15 | Create | Villager (Male) |
| 7:12 | Create | Villager (Male) |
| 7:24 | Create | Fishing Ship |
| 7:51 | Build | Dock |
| 7:55 | Create | Villager (Male) |
| 8:21 | Create | Fishing Ship |
| 8:32 | Create | Fishing Ship |
| 8:35 | Create | Villager (Male) |
| 8:58 | Create | Fishing Ship |
| 9:09 | Create | Villager (Male) |
| 9:14 | Build | House |
| 9:38 | Create | Villager (Male) |
| 9:49 | Create | Fishing Ship |
| 10:01 | Create | Villager (Male) |
| 10:10 | Create | Fishing Ship |
| 10:25 | Build | House |
| 10:28 | Create | Villager (Male) |
| 10:48 | Create | Villager (Male) |
| 10:48 | Create | Villager (Male) |
| 10:57 | Create | Fishing Ship |
| 11:36 | Build | Dock |
| 11:41 | Create | Fishing Ship |
| 11:44 | Create | Villager (Male) |
| 11:44 | Create | Villager (Male) |
| 12:17 | Create | Fishing Ship |
| 12:23 | Build | House |
| 12:33 | Build | Lumber Camp |
| 12:45 | Create | Fishing Ship |
| 13:06 | Build | Dock |
| 13:09 | Build | House |
| 13:33 | Research | Feudal Age |
| 14:22 | Build | Mining Camp |
| 14:33 | Create | Villager (Male) |
| 14:33 | Create | Villager (Male) |
| 14:34 | Create | Villager (Male) |
| 14:39 | Build | House |
| 14:40 | Build | House |
| 14:43 | Create | Fishing Ship |
| 14:47 | Create | Fishing Ship |
| 14:51 | Create | Fishing Ship |
| 14:58 | Build | House |
| 14:59 | Build | House |
| 15:43 | Age | Feudal Age |
| 15:47 | Create | Villager (Male) |
| 15:47 | Create | Villager (Male) |
| 15:49 | Research | Double-Bit Axe |
| 16:20 | Create | Galley |
| 16:24 | Create | Galley |
| 16:28 | Create | Galley |
| 16:33 | Create | Galley |
| 16:36 | Create | Galley |
| 16:46 | Create | Galley |
| 17:26 | Build | Mill |
| 17:29 | Create | Villager (Male) |
| 17:29 | Create | Villager (Male) |
| 18:13 | Create | Villager (Male) |
| 18:19 | Build | Blacksmith |
| 18:37 | Create | Galley |
| 18:37 | Create | Galley |
| 18:43 | Create | Galley |
| 18:53 | Create | Villager (Male) |
| 19:23 | Build | Market |
| 19:37 | Research | Fletching |
| 19:45 | Build | House |
| 19:46 | Build | House |
| 20:03 | Build | Lumber Camp |
| 20:06 | Research | Castle Age |
| 20:42 | Create | Galley |
| 20:46 | Create | Galley |
| 20:51 | Research | Tech 906 |
| 20:57 | Create | Demolition Raft |
| 21:02 | Create | Fishing Ship |
| 21:02 | Create | Fishing Ship |
| 21:48 | Create | Villager (Male) |
| 21:49 | Create | Villager (Male) |
| 21:50 | Create | Villager (Male) |
| 21:50 | Create | Villager (Male) |
| 21:51 | Create | Villager (Male) |
| 22:29 | Create | Fishing Ship |
| 22:30 | Create | Fishing Ship |
| 22:33 | Create | Villager (Male) |
| 22:33 | Create | Villager (Male) |
| 22:46 | Age | Castle Age |
| 22:48 | Build | Dock |
| 22:54 | Research | War Galley (upgrade) |
| 22:58 | Research | Bodkin Arrow |
| 23:02 | Build | Town Center |
| 23:31 | Build | Town Center |
| 23:37 | Create | Villager (Male) |
| 23:37 | Create | Villager (Male) |
| 23:44 | Build | House |
| 23:45 | Build | House |
| 24:00 | Create | Villager (Male) |
| 24:00 | Create | Villager (Male) |
| 24:00 | Create | Villager (Male) |
| 24:01 | Create | Villager (Male) |
| 24:04 | Create | Villager (Male) |
| 24:05 | Create | Villager (Male) |
| 24:05 | Create | Villager (Male) |
| 24:12 | Build | Lumber Camp |
| 24:21 | Build | House |
| 24:24 | Build | House |
| 25:14 | Create | Villager (Male) |
| 25:14 | Create | Villager (Male) |
| 25:14 | Create | Villager (Male) |
| 25:16 | Build | Mining Camp |
| 25:19 | Create | Villager (Male) |
| 25:20 | Create | Villager (Male) |
| 25:21 | Create | Villager (Male) |
| 25:21 | Create | Villager (Male) |
| 25:24 | Build | Lumber Camp |
| 25:30 | Research | Bow Saw |
| 25:43 | Build | House |
| 25:44 | Build | House |
| 26:19 | Create | Villager (Male) |
| 26:19 | Create | Villager (Male) |
| 26:20 | Create | Villager (Male) |
| 26:20 | Create | Villager (Male) |
| 26:20 | Create | Villager (Male) |
| 26:22 | Create | Villager (Male) |
| 26:23 | Create | Villager (Male) |
| 27:31 | Build | House |
| 27:32 | Build | House |
| 27:33 | Build | House |
| 27:37 | Build | Dock |
| 27:41 | Research | Gillnets |
| 27:43 | Create | Fishing Ship |
| 28:10 | Build | Castle |
| 28:25 | Create | Fishing Ship |
| 28:26 | Create | Fishing Ship |
| 28:29 | Create | Fishing Ship |
| 28:30 | Create | Fishing Ship |
| 28:36 | Create | Fishing Ship |
| 28:36 | Create | Fishing Ship |
Build order — HURMA
First 150 of 324 actions detected
| 0:07 | Build | Town Center |
| 0:34 | Build | Dock |
| 1:21 | Build | House |
| 2:30 | Create | Villager (Male) |
| 2:30 | Create | Villager (Male) |
| 2:31 | Create | Villager (Male) ×4 |
| 3:38 | Create | Villager (Male) |
| 3:38 | Create | Villager (Male) |
| 3:50 | Create | Fishing Ship |
| 4:10 | Build | House |
| 5:15 | Create | Fishing Ship |
| 5:44 | Create | Villager (Male) |
| 5:44 | Create | Villager (Male) |
| 6:08 | Build | House |
| 6:15 | Create | Villager (Male) |
| 6:33 | Create | Villager (Male) |
| 6:40 | Create | Villager (Male) |
| 6:41 | Create | Fishing Ship |
| 7:24 | Create | Villager (Male) |
| 7:25 | Create | Fishing Ship |
| 7:45 | Build | House |
| 7:50 | Create | Fishing Ship |
| 8:10 | Create | Villager (Male) |
| 8:10 | Create | Villager (Male) |
| 8:12 | Create | Fishing Ship |
| 8:42 | Create | Fishing Ship |
| 8:43 | Create | Villager (Male) |
| 8:45 | Create | Villager (Male) |
| 8:59 | Build | House |
| 9:00 | Build | House |
| 9:14 | Create | Villager (Male) |
| 9:23 | Build | Mill |
| 9:33 | Build | House |
| 9:41 | Build | House |
| 10:11 | Create | Fishing Ship |
| 10:12 | Create | Villager (Male) |
| 10:12 | Create | Villager (Male) |
| 10:15 | Research | Loom |
| 10:32 | Build | House |
| 10:49 | Build | Dock |
| 11:02 | Create | Fishing Ship |
| 11:26 | Create | Villager (Male) |
| 11:29 | Create | Fishing Ship |
| 11:52 | Create | Fishing Ship |
| 11:57 | Create | Villager (Male) |
| 12:24 | Build | Palisade Wall |
| 12:25 | Build | Palisade Wall |
| 12:41 | Research | Feudal Age |
| 12:41 | Research | Feudal Age |
| 12:51 | Build | Palisade Wall |
| 12:55 | Build | Palisade Wall |
| 13:10 | Create | Fishing Ship |
| 13:10 | Create | Fishing Ship |
| 13:38 | Build | Mining Camp |
| 13:52 | Build | Lumber Camp |
| 14:26 | Create | Villager (Male) |
| 14:27 | Create | Villager (Male) |
| 14:34 | Build | Outpost |
| 14:51 | Age | Feudal Age |
| 14:51 | Research | Town Watch |
| 14:53 | Create | Fire Galley |
| 15:04 | Research | Double-Bit Axe |
| 15:09 | Build | Barracks |
| 15:17 | Create | Villager (Male) |
| 15:17 | Create | Villager (Male) |
| 15:49 | Build | Lumber Camp |
| 16:20 | Build | Market |
| 16:23 | Create | Villager (Male) |
| 16:58 | Create | Villager (Male) |
| 16:59 | Create | Villager (Male) |
| 17:08 | Build | Blacksmith |
| 17:43 | Research | Castle Age |
| 17:43 | Research | Castle Age |
| 18:24 | Create | Unit 2626 |
| 18:33 | Build | Mining Camp |
| 18:42 | Research | Forging |
| 18:46 | Create | Villager (Male) |
| 19:22 | Create | Villager (Male) |
| 19:59 | Create | Fishing Ship |
| 19:59 | Create | Fishing Ship |
| 20:08 | Research | Tech 906 |
| 20:26 | Age | Castle Age |
| 20:29 | Build | Barracks |
| 20:35 | Create | Villager (Male) |
| 21:21 | Build | Castle |
| 22:05 | Research | Wheelbarrow |
| 22:09 | Build | Monastery |
| 22:16 | Create | Leitis |
| 22:24 | Create | Monk |
| 22:38 | Create | Fishing Ship |
| 22:39 | Create | Fishing Ship |
| 22:57 | Create | Leitis |
| 23:37 | Create | Leitis |
| 23:45 | Create | Villager (Male) |
| 23:51 | Create | Fishing Ship |
| 23:52 | Create | Fishing Ship |
| 24:16 | Create | Villager (Male) |
| 24:16 | Create | Villager (Male) |
| 24:21 | Build | Stable |
| 25:17 | Build | Dock |
| 25:34 | Create | Villager (Male) |
| 25:41 | Build | Mill |
| 26:29 | Build | Town Center |
| 26:30 | Build | Farm |
| 26:30 | Build | Farm |
| 26:30 | Build | Farm |
| 26:31 | Build | Farm |
| 26:31 | Build | Farm |
| 26:31 | Build | Farm |
| 26:31 | Build | Farm |
| 26:32 | Build | Farm |
| 26:41 | Create | Villager (Male) |
| 26:41 | Create | Villager (Male) |
| 26:42 | Create | Villager (Male) |
| 26:42 | Create | Villager (Male) |
| 26:43 | Create | Villager (Male) |
| 26:43 | Create | Villager (Male) |
| 27:27 | Research | Iron Casting |
| 27:30 | Create | Monk |
| 28:16 | Create | Villager (Male) |
| 28:17 | Create | Villager (Male) |
| 28:17 | Create | Villager (Male) |
| 28:18 | Create | Fishing Ship |
| 28:19 | Create | Fishing Ship |
| 28:19 | Create | Fishing Ship |
| 28:48 | Build | Farm |
| 28:52 | Research | Horse Collar |
| 28:58 | Create | Villager (Male) |
| 29:13 | Build | Castle |
| 29:23 | Create | Villager (Male) |
| 29:24 | Create | Villager (Male) |
| 29:29 | Create | Leitis |
| 30:27 | Create | Leitis |
| 30:27 | Create | Leitis |
| 30:29 | Create | Villager (Male) |
| 30:29 | Create | Villager (Male) |
| 30:29 | Create | Villager (Male) |
| 30:30 | Create | Villager (Male) |
| 30:30 | Research | Gold Mining |
| 30:35 | Build | Farm |
| 30:35 | Build | Farm |
| 30:38 | Create | Fishing Ship |
| 30:39 | Create | Fishing Ship |
| 30:43 | Research | Gillnets |
| 30:58 | Build | Mining Camp |
| 31:24 | Research | Bloodlines |
| 31:27 | Research | Scale Barding Armor |
| 31:32 | Build | Farm |
| 31:32 | Build | Farm |
| 31:33 | Create | Villager (Male) |
Build order — DJAD ▲ Nedlar
First 150 of 211 actions detected
| 0:47 | Build | Town Center |
| 1:28 | Build | Dock |
| 1:32 | Build | House |
| 3:02 | Create | Villager (Male) |
| 3:02 | Create | Villager (Male) |
| 3:02 | Create | Villager (Male) |
| 3:30 | Create | Villager (Male) |
| 4:14 | Create | Fishing Ship |
| 4:49 | Create | Villager (Male) |
| 4:50 | Research | Loom |
| 4:59 | Build | House |
| 5:55 | Create | Villager (Male) |
| 6:00 | Create | Fishing Ship |
| 6:15 | Create | Villager (Male) |
| 7:00 | Create | Villager (Male) |
| 7:06 | Build | House |
| 7:20 | Create | Fishing Ship |
| 7:29 | Create | Villager (Male) |
| 7:40 | Create | Villager (Male) |
| 8:11 | Create | Villager (Male) |
| 8:16 | Create | Fishing Ship |
| 8:31 | Build | House |
| 8:45 | Create | Villager (Male) |
| 8:57 | Build | House |
| 9:12 | Create | Villager (Male) |
| 9:30 | Build | Outpost |
| 9:34 | Create | Villager (Male) |
| 9:57 | Build | Mining Camp |
| 9:59 | Create | Villager (Male) |
| 10:19 | Create | Villager (Male) |
| 10:36 | Create | Fishing Ship |
| 10:39 | Create | Villager (Male) |
| 10:47 | Build | Outpost |
| 10:50 | Build | House |
| 11:11 | Create | Fishing Ship |
| 11:19 | Create | Villager (Male) |
| 11:49 | Research | Feudal Age |
| 11:56 | Build | Mill |
| 12:28 | Build | Outpost |
| 12:32 | Build | Outpost |
| 12:47 | Build | Outpost |
| 13:05 | Create | Fishing Ship |
| 13:37 | Build | Barracks |
| 13:50 | Build | Outpost |
| 13:59 | Age | Feudal Age |
| 13:59 | Research | Town Watch |
| 14:31 | Create | Villager (Male) |
| 14:31 | Create | Villager (Male) |
| 14:45 | Build | Donjon |
| 14:50 | Create | Militia |
| 14:50 | Create | Militia |
| 15:17 | Create | Villager (Male) |
| 15:22 | Create | Villager (Male) |
| 15:40 | Create | Villager (Male) |
| 15:43 | Build | Farm |
| 15:44 | Build | Farm |
| 15:45 | Build | Farm |
| 15:47 | Build | Farm |
| 15:48 | Create | Villager (Male) |
| 16:18 | Create | Villager (Male) |
| 16:36 | Build | House |
| 16:53 | Build | Outpost |
| 16:59 | Create | Villager (Male) |
| 17:06 | Build | Lumber Camp |
| 17:09 | Create | Villager (Male) |
| 17:29 | Research | Double-Bit Axe |
| 17:31 | Create | Villager (Male) |
| 17:40 | Create | Serjeant |
| 17:40 | Create | Serjeant |
| 17:57 | Build | Donjon |
| 18:05 | Create | Villager (Male) |
| 18:20 | Build | Lumber Camp |
| 18:26 | Create | Villager (Male) |
| 18:53 | Build | Mill |
| 18:55 | Create | Villager (Male) |
| 19:32 | Build | Farm |
| 19:33 | Build | Farm |
| 19:49 | Create | Villager (Male) |
| 19:53 | Build | Farm |
| 19:57 | Build | Farm |
| 20:06 | Create | Villager (Male) |
| 20:17 | Build | House |
| 20:18 | Build | House |
| 20:24 | Build | Farm |
| 20:26 | Research | Horse Collar |
| 20:30 | Create | Villager (Male) |
| 21:07 | Build | Donjon |
| 21:14 | Create | Villager (Male) |
| 21:14 | Create | Villager (Male) |
| 21:18 | Build | Farm |
| 21:24 | Build | Farm |
| 21:24 | Build | Farm |
| 21:26 | Create | Villager (Male) |
| 21:42 | Create | Villager (Male) |
| 21:47 | Build | Blacksmith |
| 22:06 | Create | Villager (Male) |
| 22:18 | Build | House |
| 23:04 | Build | Farm |
| 23:10 | Create | Villager (Male) |
| 23:20 | Build | Farm |
| 23:25 | Create | Spearman |
| 23:25 | Create | Spearman |
| 23:30 | Research | Fletching |
| 23:59 | Build | Donjon |
| 24:59 | Build | Market |
| 25:23 | Research | Castle Age |
| 25:41 | Build | Mill |
| 26:08 | Build | Mining Camp |
| 26:22 | Build | Dock |
| 26:45 | Create | Spearman ×5 |
| 26:57 | Build | House |
| 26:57 | Build | House |
| 26:58 | Build | House |
| 27:04 | Build | House |
| 27:17 | Create | Villager (Male) |
| 27:52 | Research | Scale Mail Armor |
| 27:57 | Research | Forging |
| 28:03 | Age | Castle Age |
| 28:07 | Research | Pikeman (upgrade) |
| 28:14 | Research | Wheelbarrow |
| 28:15 | Create | Villager (Male) |
| 28:21 | Create | Villager (Male) |
| 28:30 | Build | Mining Camp |
| 28:32 | Create | Villager (Male) |
| 28:41 | Research | Chain Mail Armor |
| 28:44 | Create | Spearman ×4 |
| 29:00 | Research | Bodkin Arrow |
| 29:06 | Research | Stone Mining |
| 29:38 | Create | Villager (Male) |
| 30:38 | Build | Town Center |
| 31:18 | Create | Spearman |
| 31:18 | Create | Spearman |
| 31:19 | Create | Serjeant ×5 |
| 31:19 | Create | Serjeant ×4 |
| 31:31 | Create | Villager (Male) |
| 31:31 | Create | Villager (Male) |
| 31:45 | Build | Farm |
| 31:46 | Build | Farm |
| 31:48 | Build | Farm |
| 31:52 | Create | Villager (Male) |
| 32:30 | Build | House |
| 32:31 | Build | House |
| 32:31 | Build | House |
| 32:31 | Build | House |
| 32:58 | Build | Town Center |
| 33:31 | Build | Farm |
| 33:32 | Build | Farm |
| 33:33 | Build | Farm |
| 33:35 | Create | Villager (Male) |
| 33:36 | Create | Villager (Male) |
Build order — NiL
First 150 of 300 actions detected
| 0:05 | Build | Town Center |
| 1:05 | Build | Dock |
| 1:07 | Build | House |
| 2:26 | Create | Villager (Male) |
| 2:27 | Create | Villager (Male) |
| 2:27 | Create | Villager (Male) |
| 2:27 | Create | Villager (Male) |
| 2:28 | Create | Villager (Male) |
| 3:28 | Create | Fishing Ship |
| 4:04 | Create | Villager (Male) |
| 4:04 | Create | Villager (Male) |
| 4:10 | Create | Fishing Ship |
| 4:11 | Create | Fishing Ship |
| 4:51 | Create | Fishing Ship |
| 4:57 | Build | House |
| 5:02 | Research | Loom |
| 5:32 | Create | Fishing Ship |
| 5:33 | Create | Villager (Male) |
| 5:34 | Create | Villager (Male) |
| 5:59 | Create | Villager (Male) |
| 6:00 | Create | Villager (Male) |
| 6:04 | Create | Fishing Ship |
| 6:37 | Create | Fishing Ship |
| 6:40 | Build | House |
| 7:04 | Create | Villager (Male) |
| 7:24 | Create | Fishing Ship |
| 7:58 | Build | Palisade Wall |
| 8:06 | Create | Fishing Ship |
| 8:08 | Create | Villager (Male) |
| 8:09 | Create | Villager (Male) |
| 8:30 | Create | Villager (Male) |
| 8:38 | Build | House |
| 8:52 | Create | Villager (Male) |
| 9:42 | Build | Lumber Camp |
| 9:52 | Create | Villager (Male) |
| 10:09 | Research | Feudal Age |
| 10:11 | Create | Fishing Ship |
| 11:17 | Build | Dock |
| 11:25 | Create | Villager (Male) |
| 11:25 | Create | Villager (Male) |
| 11:53 | Build | Mining Camp |
| 12:19 | Age | Feudal Age |
| 12:19 | Create | Unit 2626 |
| 12:25 | Research | Tech 906 |
| 12:37 | Build | House |
| 13:02 | Build | House |
| 13:20 | Create | Unit 2626 |
| 13:31 | Research | Double-Bit Axe |
| 13:34 | Create | Villager (Male) |
| 13:35 | Create | Villager (Male) |
| 13:35 | Create | Villager (Male) |
| 13:42 | Build | House |
| 13:50 | Create | Villager (Male) |
| 13:50 | Create | Villager (Male) |
| 14:13 | Create | Fire Galley |
| 14:31 | Create | Villager (Male) |
| 14:38 | Create | Unit 2626 |
| 15:18 | Create | Unit 2626 |
| 15:18 | Create | Unit 2626 |
| 16:04 | Create | Villager (Male) |
| 16:05 | Create | Villager (Male) |
| 16:10 | Build | Mill |
| 16:17 | Build | Blacksmith |
| 16:23 | Create | Villager (Male) |
| 16:26 | Research | Gold Mining |
| 16:33 | Create | Fishing Ship |
| 16:33 | Create | Fishing Ship |
| 16:36 | Build | House |
| 16:37 | Build | House |
| 16:38 | Build | House |
| 17:04 | Research | Forging |
| 17:08 | Create | Villager (Male) |
| 17:24 | Build | Market |
| 17:28 | Build | Mining Camp |
| 17:31 | Create | Villager (Male) |
| 17:38 | Research | Fletching |
| 17:49 | Research | Castle Age |
| 17:49 | Research | Castle Age |
| 18:29 | Create | Fire Galley |
| 18:30 | Create | Fire Galley |
| 18:38 | Research | Wheelbarrow |
| 18:43 | Research | Stone Mining |
| 19:13 | Create | Fishing Ship |
| 19:13 | Create | Fishing Ship |
| 19:53 | Research | Padded Archer Armor |
| 20:24 | Create | Fire Galley |
| 20:24 | Create | Unit 2626 |
| 20:29 | Age | Castle Age |
| 20:30 | Create | Villager (Male) |
| 20:37 | Build | Town Center |
| 20:40 | Build | Monastery |
| 21:19 | Create | Villager (Male) |
| 21:20 | Create | Villager (Male) |
| 21:24 | Create | Monk |
| 21:27 | Create | Villager (Male) |
| 21:27 | Create | Villager (Male) |
| 21:33 | Research | Iron Casting |
| 22:27 | Research | War Galley (upgrade) |
| 22:28 | Research | Gillnets |
| 22:31 | Create | Villager (Male) |
| 23:13 | Create | Villager (Male) |
| 23:13 | Create | Villager (Male) |
| 23:14 | Create | Monk |
| 23:18 | Research | Horse Collar |
| 23:20 | Research | Leather Archer Armor |
| 23:26 | Build | Farm |
| 23:26 | Build | Farm |
| 23:26 | Build | Farm |
| 23:26 | Build | Farm |
| 23:36 | Build | Castle |
| 24:18 | Create | Villager (Male) |
| 24:18 | Create | Villager (Male) |
| 24:18 | Create | Villager (Male) |
| 24:22 | Build | House |
| 24:59 | Create | Fire Galley |
| 25:00 | Create | Fire Galley |
| 25:01 | Create | Fire Galley |
| 25:05 | Create | Fire Galley |
| 25:05 | Create | Fire Galley |
| 25:06 | Create | Fire Galley |
| 25:11 | Build | House |
| 25:12 | Build | House |
| 25:26 | Create | Villager (Male) |
| 25:26 | Create | Villager (Male) |
| 25:35 | Build | Lumber Camp |
| 25:47 | Research | Bow Saw |
| 25:48 | Research | Bow Saw |
| 25:49 | Create | Villager (Male) |
| 26:04 | Create | Villager (Male) |
| 26:04 | Create | Villager (Male) |
| 26:16 | Create | Villager (Male) |
| 26:17 | Create | Villager (Male) |
| 26:25 | Build | University |
| 27:10 | Create | Villager (Male) |
| 27:11 | Create | Villager (Male) |
| 27:19 | Research | Treadmill Crane |
| 27:24 | Create | Monk |
| 27:26 | Create | Monk |
| 27:50 | Build | Dock |
| 28:20 | Build | Farm |
| 28:20 | Build | Farm |
| 28:28 | Create | Villager (Male) |
| 28:28 | Create | Villager (Male) |
| 28:31 | Build | Town Center |
| 28:41 | Research | Ballistics |
| 28:43 | Build | Mill |
| 28:48 | Build | Barracks |
| 28:52 | Research | Bodkin Arrow |
| 29:21 | Create | Monk |
| 29:41 | Build | Stable |
Match timeline
| 0:34 | HURMA · first_building Dock |
| 0:34 | Pepelu_wins · first_building Dock |
| 1:05 | NiL · first_building Dock |
| 1:28 | DJAD ▲ Nedlar · first_building Dock |
| 3:00 | Léon · first_building Dock |
| 4:45 | So sad · first_building Dock |
| 7:58 | NiL · wall_segment Palisade Wall x1 |
| 12:19 | NiL · age_up feudal |
| 12:24 | HURMA · wall_segment Palisade Wall x1 |
| 12:25 | HURMA · wall_segment Palisade Wall x1 |
| 12:51 | HURMA · wall_segment Palisade Wall x1 |
| 12:55 | HURMA · wall_segment Palisade Wall x1 |
| 13:36 | Léon · first_building Barracks |
| 13:37 | DJAD ▲ Nedlar · first_building Barracks |
| 13:48 | Léon · age_up feudal |
| 13:49 | So sad · age_up feudal |
| 13:59 | DJAD ▲ Nedlar · age_up feudal |
| 14:33 | Léon · first_building Archery Range |
| 14:45 | DJAD ▲ Nedlar · first_building Donjon |
| 14:51 | HURMA · age_up feudal |
| 15:09 | HURMA · first_building Barracks |
| 15:43 | Pepelu_wins · age_up feudal |
| 19:49 | So sad · first_building Barracks |
| 20:26 | HURMA · age_up castle |
| 20:29 | NiL · age_up castle |
| 20:40 | NiL · first_building Monastery |
| 21:13 | Léon · first_market_buy 100 food |
| 21:16 | Léon · first_market_sell 100 wood |
| 21:21 | HURMA · first_building Castle |
| 21:32 | NiL · first_market_sell 100 food |
| 22:09 | HURMA · first_building Monastery |
| 22:36 | So sad · age_up castle |
| 22:46 | Pepelu_wins · age_up castle |
| 23:26 | Pepelu_wins · first_market_buy 100 wood |
| 23:36 | NiL · first_building Castle |
| 24:11 | Léon · age_up castle |
| 24:21 | HURMA · first_building Stable |
| 25:40 | Léon · first_building Monastery |
| 26:21 | NiL · first_market_buy 100 wood |
| 26:33 | So sad · first_building Castle |
| 27:48 | Léon · first_building Castle |
| 28:03 | DJAD ▲ Nedlar · age_up castle |
| 28:10 | Pepelu_wins · first_building Castle |
| 28:48 | NiL · first_building Barracks |
| 29:12 | So sad · first_building Monastery |
| 29:41 | NiL · first_building Stable |
| 29:48 | NiL · first_building Archery Range |
| 32:41 | Pepelu_wins · age_up imperial |
| 32:52 | Pepelu_wins · first_market_sell 100 food |
| 33:53 | Pepelu_wins · first_building Barracks |
| 33:54 | NiL · age_up imperial |
| 36:23 | Pepelu_wins · first_building Siege Workshop |
| 36:59 | DJAD ▲ Nedlar · first_market_buy 100 stone |
| 37:08 | Léon · first_building Stable |
| 37:26 | DJAD ▲ Nedlar · first_building Castle |
| 38:20 | HURMA · first_market_sell 100 food |
| 38:21 | Léon · first_building Siege Workshop |
| 41:58 | So sad · age_up imperial |
| 42:01 | HURMA · age_up imperial |
| 42:38 | Pepelu_wins · first_building Archery Range |
| 43:47 | So sad · first_building Siege Workshop |
| 46:04 | Pepelu_wins · first_building Monastery |
| 46:26 | DJAD ▲ Nedlar · first_building Stable |
| 48:22 | HURMA · first_building Archery Range |
| 48:46 | DJAD ▲ Nedlar · first_building Siege Workshop |
| 49:27 | Pepelu_wins · resign |
[ AI ANALYSIS · 1 CREDIT ]
What really happened in this match?
Wolo.gg analyzes every decision: build order, eco, micro, common mistakes by bracket. Personalized analysis on WhatsApp or Discord in 30 seconds.
Civ guide
Britons
Perfil
Jugador #393589